 Dungeon Crawl Stone Soup version 0.31.0-32-g396128a36d (webtiles) character file.

Game seed: 7332590123307747296

49 Jinxx the Digger (level 3, -2/20 HPs)
             Began as a Gargoyle Earth Elementalist on Apr 6, 2024.
             Killed from afar by Robin (4 damage)
             ... with a puff of flame
             ... on level 2 of the Dungeon.
             The game lasted 00:06:04 (1973 turns).

Jinxx the Digger (Gargoyle Earth Elementalist)      Turns: 1973, Time: 00:06:05

Health: -2/20      AC:  7    Str: 11    XL:     3   Next: 75%
Magic:  0/6        EV: 12    Int: 17    God:
Gold:   121        SH:  0    Dex: 10    Spells: 5/6 levels left

rFire   + . .        i - +0 dagger (speed)
rCold   . . .        (no shield)
rNeg    + . .        a - +0 robe
rPois   ∞            l - +0 helmet
rElec   +            (no cloak)
rCorr   .            (no gloves)
SInv    .            n - +0 pair of boots
Will    .....        (no amulet)
Stlth   ++           f - ring of protection from fire
HPRegen 0.23/turn    (no ring)
MPRegen 0.10/turn

%: no passive effects
@: no status effects
A: sickness immunity, AC +3, negative energy resistance 1, electricity
resistance, torment resistance 1, petrification resistance
a: no special abilities


You were on level 2 of the Dungeon.
You visited 1 branch of the dungeon, and saw 2 of its levels.

You collected 121 gold pieces.

Inventory:

Hand Weapons
 e - a +0 club
 i - a +0 dagger of speed (weapon)
Missiles
 d - 23 stones
Armour
 a - a +0 robe (worn)
 l - a +0 helmet (worn)
 n - a +0 pair of boots (worn)
Jewellery
 f - a ring of protection from fire (left hand)
Scrolls
 g - a scroll of poison {unknown}
 h - a scroll of identify {unknown}
Potions
 b - a potion of magic
 c - a potion of mutation {unknown}
 j - a potion of enlightenment {unknown}
 k - a potion of haste {unknown}
 m - 3 potions of heal wounds {unknown}


   Skills:
 * Level 0.8 Fighting
 + Level 0.1 Short Blades
 * Level 0.9 Armour
 * Level 1.8 Dodging
 + Level 2.5 Stealth
 * Level 2.2 Spellcasting
 * Level 1.5 Conjurations
 * Level 3.9 Earth Magic
 * Level 0.9 Invocations
 * Level 0.6 Evocations


You had 5 spell levels left.
You knew the following spells:

 Your Spells              Type           Power      Damage    Failure   Level
a - Sandblast             Erth           30%        2d9       3%          1

Your spell library contained the following spells:

 Spells                   Type           Power      Damage    Failure   Level
 Passwall                 Erth           15%        N/A       12%         3
 Slow                     Hex            4%         N/A       19%         1
 Stone Arrow              Conj/Erth      22%        3d8       19%         3
 Confusing Touch          Hex            1%         N/A       50%         3
 Sigil of Binding         Hex            1%         N/A       50%         3
 Vampiric Draining        Necr           1%         2d6       50%         3
 Brom's Barrelling Bould  Conj/Erth      11%        2d3       52%         4
 Petrify                  Alch/Erth      8%         N/A       63%         4


Dungeon Overview and Level Annotations

Branches:
Dungeon (2/15)

Altars:

Annotations:
D:2 Robin


Innate Abilities, Weirdness & Mutations

You are immune to sickness and miasma.
Your stone body is resilient. (AC +3)
You are immune to poison.
You resist negative energy. (rN+)
You are resistant to electric shocks. (rElec)
You are resistant to unholy torment.
You are immune to petrification.


Message History

Press: ? - help, Q - select action, (/) - cycle Shift-Dir - straight line, f - goblin
Aim: a goblin, wielding a +0 dagger (moderately wounded, strong, 77% to hit)
The blast of sand hits the goblin!
You kill the goblin!
A goblin comes into view. It is wielding a +0 dagger.
Robin throws the goblin at you! The goblin hits you but does no damage.
The goblin hits you with a +0 dagger.
Aiming: Sandblast (safe; 3% risk of failure)
Press: ? - help, Q - select action, (/) - cycle Shift-Dir - straight line, f - goblin
Aim: a goblin, wielding a +0 club (77% to hit)
The blast of sand hits the goblin!
You kill the goblin!
A goblin comes into view. It is wielding a +0 dagger.
The goblin hits you but does no damage. Robin throws the goblin at you!
Aiming: Sandblast (safe; 3% risk of failure)
Press: ? - help, Q - select action, (/) - cycle Shift-Dir - straight line, f - goblin
Aim: a goblin, wielding a +0 dagger (strong, 77% to hit)
The blast of sand hits the goblin!
You kill the goblin!
The goblin hits you with a +0 dagger. The goblin closely misses you.
The goblin hits you with a +0 dagger.
* * * LOW HITPOINT WARNING * * *
The goblin hits you but does no damage. Robin throws the goblin at you!
Aiming: Sandblast (safe; 3% risk of failure)
Press: ? - help, Q - select action, (/) - cycle Shift-Dir - straight line, f - goblin
Aim: a goblin, wielding a +0 dagger (strong, 77% to hit)
The blast of sand hits the goblin!
You kill the goblin!
The goblin barely misses you.
Aiming: Sandblast (safe; 3% risk of failure)
Press: ? - help, Q - select action, (/) - cycle Shift-Dir - straight line, f - Robin
Aim: Robin, wielding a +0 club, wearing a +0 animal skin, wearing a +0 helmet and carrying a wand of flame (87% to hit)
The blast of sand hits Robin.
Robin is lightly wounded.
The goblin hits you but does no damage. Robin hits you with a +0 club.
* * * LOW HITPOINT WARNING * * *
The goblin misses you.
Robin zaps a wand.
The puff of flame hits you. You resist.
You die...
Robin calls out, "Let's celebrate!
Time for a feast!"

######### #........ ##.##
##########...####
...............)##
..#####.##...#.)@### #
....[##....#...g)g.#>#####
..##.#####...#...#.)......
.###.# ##.###...$...$.#.
.# #.# #.# ######.##.# .#
#.# #.. .# # .# #.# ### #
.###.# .#.#.#


You could see Robin and a goblin (strong).

Vanquished Creatures
  An adder (D:2)
  A ribbon worm (D:2)
  An endoplasm (D:1)
  4 giant cockroaches
  7 goblins
  8 hobgoblins
  A ball python (D:1)
  2 bats
  A frilled lizard (D:1)
  2 kobolds (D:1)
  5 rats
33 creatures vanquished.

Notes
Turn   | Place    | Note
-------+----------+-------------------------------------------
     0 | D:1      | Jinxx the Gargoyle Earth Elementalist began the quest for
                  | the Orb.
     0 | D:1      | Reached XP level 1. HP: 10/10 MP: 3/3
   344 | D:1      | Reached XP level 2. HP: 13/15 MP: 5/5
  1488 | D:2      | Reached XP level 3. HP: 20/20 MP: 6/6
  1965 | D:2      | Noticed Robin
  1973 | D:2      | Killed from afar by Robin

Illustrated notes

Levels and vault maps discovered:
D:1:      noname_arrival_rooms_in_the_neighbourhood, layout_basic
D:2:      layout_loops_ring, st_stairs_1, uniq_robin

Action                     || total
---------------------------++-------
  Melee: Club              ||    48
         Unarmed           ||     3
         Dagger            ||    91
   Cast: Sandblast         ||    16
   Stab: Sleeping          ||     3
 Armour: Robe              ||    84
  Dodge: Dodged            ||   107
